 Dungeon Crawl Stone Soup version 0.29.1-13-g9f3cf754e1 (webtiles) character file.

Game seed: 1525146760105560107

24 Descartes the Ducker (level 2, -3/14 HPs)
             Began as a Felid Monk on Jan 29, 2023.
             Slain by a gnoll
             ... wielding a +0 whip
              (9 damage)
             ... on level 1 of the Dungeon.
             The game lasted 00:00:17 (242 turns).

Descartes the Ducker (Felid Monk)                    Turns: 242, Time: 00:00:18

Health: -3/14      AC:  1    Str:  7    XL:     2   Next: 79%
Magic:  3/3        EV: 19    Int: 11    God:
Gold:   41         SH:  0    Dex: 18    Spells: 1/1 levels left
                                        Lives:  0   Deaths: 0

rFire   . . .      SeeInvis +     - Unarmed
rCold   . . .      Faith    .   (shield unavailable)
rNeg    . . .      Spirit   .   (body armour unavailable)
rPois   .          Reflect  .   (helmet unavailable)
rElec   .          Harm     .   (cloak unavailable)
rCorr   .          Rampage  .   (gloves unavailable)
Will    .....                   (boots unavailable)
Stlth   +++.......              (no amulet)
HPRegen 0.04/turn               (no ring)
MPRegen 0.08/turn               (no ring)

@: quick
A: very small, claws 1, fangs 3, see invisible, speed 1, shaggy fur 1, stealthy
paws, no weapons or thrown items, no armour, multi-lived
a: no special abilities


You were on level 1 of the Dungeon.
You visited 1 branch of the dungeon, and saw 1 of its levels.

You collected 41 gold pieces.

Inventory:

Scrolls
 b - a scroll of amnesia {unknown}
 c - a scroll of identify {unknown}
 e - a scroll of enchant weapon {unknown}
Potions
 a - a potion of ambrosia
 d - a potion of haste {unknown}


   Skills:
 + Level 3.2 Fighting
 + Level 4.4 Dodging
 + Level 3.3 Stealth
 + Level 3.3 Unarmed Combat


You had one spell level left.
You didn't know any spells.
Your spell library was empty.

Dungeon Overview and Level Annotations

Branches:
Dungeon (1/15)

Altars:


Innate Abilities, Weirdness & Mutations

You have sharp claws.
You have razor-sharp teeth.
You have supernaturally acute eyesight. (SInv)
You cover ground quickly. (Speed+)
You are covered in fur. (AC +1)
Your paws help you pounce on unaware monsters.
You are incapable of wielding weapons or throwing items.
You cannot wear armour.
You gain extra lives every three experience levels.


Message History

You kill the dart slug!
A ball python comes into view.
Found 3 stones.
The goblin hits you with a +0 club.
Things that are here:
a dart slug corpse; a hobgoblin corpse You closely miss the goblin.
The goblin completely misses you.
You closely miss the goblin. The goblin misses you.
You barely miss the goblin. You claw the goblin.
The goblin is severely wounded.
The goblin barely misses you.
You claw the goblin!
You kill the goblin!
A frilled lizard comes into view.
The goblin shouts!
You hear a shout!
You see here a +0 club.
The rat closely misses you.
The frilled lizard hisses angrily.
You scratch the rat.
You kill the rat!
A gnoll comes into view. It is wielding a +0 whip.
You see here a rat corpse.
You scratch the ball python.
The ball python is moderately wounded.
The ball python misses you. The ball python closely misses you.
You scratch the ball python.
You kill the ball python!
You miss the goblin. The goblin misses you.
You claw the goblin!
You kill the goblin!
Unknown command.
You barely miss the gnoll. The gnoll closely misses you.
You closely miss the gnoll. You bite the gnoll.
The gnoll is moderately wounded.
The gnoll hits you with a +0 whip!
Ouch! That really hurt!
You scratch the gnoll.
The gnoll is heavily wounded.
The gnoll hits you with a +0 whip!
Ouch! That really hurt!
You die...

########## #.=......####
#.#..... ...#
#.#.#.###.#.#
#.#....(.....
##...#†###.#
########..#.#@#(#l#
#........##.#g###.#.
####.....#####.†........
.........#####.#.###.#..
................... ....
............######## ...
####......#.# ##
#.........###
#.........#


You could see a gnoll and a frilled lizard.

Vanquished Creatures
  A gnoll (D:1)
  2 dart slugs (D:1)
  A ball python (D:1)
  A bat (D:1)
  2 goblins (D:1)
  A hobgoblin (D:1)
  A frilled lizard (D:1)
  A rat (D:1)
10 creatures vanquished.

Notes
Turn   | Place    | Note
-------+----------+-------------------------------------------
     0 | D:1      | Descartes the Felid Monk began the quest for the Orb.
     0 | D:1      | Reached XP level 1. HP: 10/10 MP: 2/2
    41 | D:1      | Reached XP level 2. HP: 14/14 MP: 3/3
   242 | D:1      | Slain by a gnoll

Illustrated notes

Levels and vault maps discovered:
D:1:      lightli_arrival_farm, layout_basic, minmay_surrounded

Skill      XL: |  1 |
---------------+----+-----
Stealth        | 3 |  3.3
Fighting       | |  3.2
Dodging        | |  4.4
Unarmed Combat | |  3.3

Action                   || total
-------------------------++-------
Melee: Unarmed           ||    25
       Bite              ||     3
       Punch             ||     1
 Stab: Sleeping          ||     3
Armor: Skin              ||     2
Dodge: Dodged            ||    16
